 Dungeon Crawl Stone Soup version 0.26-a0-707-g31817bcca1 (webtiles) character file.

Game seed: 3400721851492591970

457 stormannnn the Stinger (level 7, -4/50 HPs)
             Began as a Gnoll Venom Mage on Oct 26, 2020.
             Slain by Edmund
             ... wielding a +2 flail of draining
              (8 damage)
             ... on level 4 of the Dungeon.
             The game lasted 00:10:51 (4093 turns).

stormannnn the Stinger (Gnoll Venom Mage)           Turns: 4093, Time: 00:10:53

Health: -4/50      AC:  2    Str: 12    XL:     7   Next: 6%
Magic:  1/15       EV: 15    Int: 18    God:
Gold:   171        SH:  0    Dex: 15    Spells: 4/17 levels left

rFire    . . .     SeeInvis .   j - +2 dagger (venom)
rCold    . . .     Faith    .   (no shield)
rNeg     + . .     Spirit   .   a - +0 robe
rPois    .         Reflect  .   (no helmet)
rElec    .         Harm     .   (no cloak)
rCorr    .         Rampage  .   (no gloves)
MR       .....                  (no boots)
Stlth    ++++......             (no amulet)
HPRegen  0.16/turn              l - ring of stealth
MPRegen  0.14/turn              n - ring of positive energy

@: lightly drained
A: distributed training, fangs 1, strong nose
a: no special abilities


You were on level 4 of the Dungeon.
You visited 1 branch of the dungeon, and saw 4 of its levels.

You collected 171 gold pieces.

Inventory:

Hand Weapons
 b - a +0 short sword
 j - a +2 dagger of venom (weapon)
Missiles
 c - 193 stones (quivered)
Armour
 a - a +0 robe (worn)
Jewellery
 l - a ring of stealth (left hand)
 n - a ring of positive energy (right hand)
Scrolls
 e - a scroll of magic mapping {unknown}
 f - 2 scrolls of teleportation
 g - a scroll of remove curse
 h - 2 scrolls of fear
 k - a scroll of amnesia
 m - a scroll of identify
 o - a scroll of random uselessness {unknown}
 t - a scroll of noise {unknown}
Potions
 d - 2 potions of curing
 i - a potion of berserk rage {unknown}
 p - 2 potions of degeneration {unknown}
 q - a potion of brilliance {unknown}
 s - a potion of heal wounds {unknown}


   Skills:
 + Level 2.2(1.9) Fighting
 + Level 2.2(1.9) Short Blades
 + Level 2.2(1.9) Long Blades
 + Level 2.2(1.9) Axes
 + Level 2.2(1.9) Maces & Flails
 + Level 2.2(1.9) Polearms
 + Level 2.2(1.9) Staves
 + Level 2.2(1.9) Slings
 + Level 2.2(1.9) Bows
 + Level 2.2(1.9) Crossbows
 + Level 2.2(1.9) Throwing
 + Level 2.2(1.9) Armour
 + Level 5.1(4.7) Dodging
 + Level 4.7(4.4) Stealth
 + Level 2.2(1.9) Shields
 + Level 2.2(1.9) Unarmed Combat
 + Level 5.5(5.1) Spellcasting
 + Level 1.8(1.5) Conjurations
 + Level 1.8(1.5) Hexes
 + Level 1.8(1.5) Summonings
 + Level 1.8(1.5) Necromancy
 + Level 1.8(1.5) Translocations
 + Level 2.8(2.5) Transmutations
 + Level 1.8(1.5) Fire Magic
 + Level 1.8(1.5) Ice Magic
 + Level 1.8(1.5) Air Magic
 + Level 1.8(1.5) Earth Magic
 + Level 5.7(5.4) Poison Magic
 + Level 2.5(2.1) Invocations
 + Level 2.2(1.9) Evocations


You had 4 spell levels left.
You knew the following spells:

 Your Spells              Type           Power        Failure   Level
a - Sting                 Tmut/Pois      ###.         2%          1
b - Poisonous Vapours     Pois/Air       ###...       4%          2
c - Ignite Poison         Fire/Tmut/Pois ###.....     11%         3
d - Mephitic Cloud        Conj/Pois/Air  ##......     12%         3
e - Olgreb's Toxic Radia  Pois           ###.....     14%         4

Your spell library contained the following spells:

 Spells                   Type           Power        Failure   Level


Dungeon Overview and Level Annotations

Branches:
Dungeon (4/15)
 Temple: D:4-7

Altars:
Xom
The Shining One

Annotations:
D:4 Edmund


Innate Abilities, Weirdness & Mutations

Your experience applies equally to all skills.
You have very sharp teeth.
Your uncanny sense of smell can sniff out nearby items.


Message History

Edmund is poisoned.
Edmund hits you with a +2 flail of draining!
You partially resist.
You feel drained.
Casting: Poisonous Vapours (safe; 4% risk of failure)
Confirm with . or Enter, or press ? or * to list all spells.
Aiming: Poisonous Vapours (safe; 4% risk of failure)
Press: ? - help, Dir - move target cursor, f/p - Edmund
Aim: Edmund, wielding a +2 flail of draining and wearing a +0 leather armour (moderately wounded, poisoned) Poisonous vapours surround Edmund!
Edmund looks even sicker.
Edmund hits you with a +2 flail of draining!
* * * LOW HITPOINT WARNING * * *
You partially resist.
You feel drained.
* * * LOW HITPOINT WARNING * * *
Casting: Poisonous Vapours (safe; 4% risk of failure)
Confirm with . or Enter, or press ? or * to list all spells.
You ignite the poison in your surroundings!
Edmund seems to burn from within!!
Edmund is almost dead.
Edmund hits you with a +2 flail of draining!
You die...

#.#
#######.#
#.......#
###.#####
#.# #.# #[#
# #.#####.#
#.@@ggg.#
#####g....#
#........
#........
#........
#.#......
#.#......
#.#......


You could see Edmund, 2 hobgoblins and 2 goblins.

Vanquished Creatures
  Eustachio (D:4)
  An ogre (D:4)
  2 hounds
  Robin (D:4)
  8 adders
  An ooze (D:2)
  A worm (D:2)
  2 dart slugs
  3 leopard geckos
  An orc (D:3)
  10 bats
  2 giant cockroaches (D:2)
  16 goblins
  8 hobgoblins
  A jackal (D:4)
  14 kobolds
  2 ball pythons
  3 frilled lizards (D:2)
  13 rats
90 creatures vanquished.

Notes
Turn   | Place    | Note
-------+----------+-------------------------------------------
     0 | D:1      | stormannnn the Gnoll Venom Mage began the quest for the
                  | Orb.
     0 | D:1      | Reached XP level 1. HP: 13/13 MP: 6/6
   104 | D:1      | Reached XP level 2. HP: 19/19 MP: 5/7
   685 | D:1      | Reached XP level 3. HP: 25/25 MP: 7/9
   798 | D:2      | Reached skill level 5 in Spellcasting
   850 | D:2      | Learned a level 2 spell: Poisonous Vapours
   928 | D:2      | Reached skill level 1 in Invocations
   933 | D:2      | Found a glowing golden altar of the Shining One.
   950 | D:2      | Reached skill level 1 in Fighting
   950 | D:2      | Reached skill level 1 in Short Blades
   950 | D:2      | Reached skill level 1 in Long Blades
   950 | D:2      | Reached skill level 1 in Axes
   950 | D:2      | Reached skill level 1 in Maces & Flails
   950 | D:2      | Reached skill level 1 in Polearms
   950 | D:2      | Reached skill level 1 in Staves
   950 | D:2      | Reached skill level 1 in Slings
   950 | D:2      | Reached skill level 1 in Bows
   950 | D:2      | Reached skill level 1 in Crossbows
   950 | D:2      | Reached skill level 1 in Throwing
   950 | D:2      | Reached skill level 1 in Armour
   950 | D:2      | Reached skill level 1 in Shields
   950 | D:2      | Reached skill level 1 in Unarmed Combat
   950 | D:2      | Reached skill level 1 in Evocations
  1125 | D:2      | Learned a level 3 spell: Ignite Poison
  1138 | D:2      | Reached XP level 4. HP: 32/32 MP: 9/11
  1462 | D:2      | Reached skill level 1 in Conjurations
  1462 | D:2      | Reached skill level 1 in Hexes
  1462 | D:2      | Reached skill level 1 in Summonings
  1462 | D:2      | Reached skill level 1 in Necromancy
  1462 | D:2      | Reached skill level 1 in Translocations
  1462 | D:2      | Reached skill level 1 in Fire Magic
  1462 | D:2      | Reached skill level 1 in Ice Magic
  1462 | D:2      | Reached skill level 1 in Air Magic
  1462 | D:2      | Reached skill level 1 in Earth Magic
  1961 | D:3      | Reached XP level 5. HP: 14/37 MP: 12/12
  2440 | D:3      | Found a shimmering altar of Xom.
  3755 | D:4      | Noticed Eustachio
  3763 | D:4      | Learned a level 3 spell: Mephitic Cloud
  3768 | D:4      | Learned a level 4 spell: Olgreb's Toxic Radiance
  3825 | D:4      | Killed Eustachio
  3825 | D:4      | Reached skill level 5 in Dodging
  3825 | D:4      | Reached XP level 6. HP: 44/44 MP: 2/14
  3980 | D:4      | Reached XP level 7. HP: 50/50 MP: 6/15
  4075 | D:4      | Noticed Robin
  4078 | D:4      | Noticed Edmund
  4090 | D:4      | Killed Robin
  4093 | D:4      | Slain by Edmund

Illustrated notes

Levels and vault maps discovered:
D:1:      dpeg_arrival_round_b, layout_rooms
D:2:      minmay_diamond_boxcup, layout_basic, nicolae_overflow_crystal_walls
D:3:      layout_loops_corners, brannock_xom_greatest_gift
D:4:      layout_basic, marbit_many_paths, uniq_robin, uniq_eustachio,
          uniq_ijyb, uniq_edmund

Skill      XL: |  1  2  3  4  5 |
---------------+----------------+-----
Transmutations | 2 |  2.8
Spellcasting   | 5 |  5.5
Invocations    | 1 2 |  2.5
Fighting       | 1 2 |  2.2
Short Blades   | 1 2 |  2.2
Long Blades    | 1 2 |  2.2
Axes           | 1 2 |  2.2
Maces & Flails | 1 2 |  2.2
Polearms       | 1 2 |  2.2
Staves         | 1 2 |  2.2
Slings         | 1 2 |  2.2
Bows           | 1 2 |  2.2
Crossbows      | 1 2 |  2.2
Throwing       | 1 2 |  2.2
Armour         | 1 2 |  2.2
Shields        | 1 2 |  2.2
Unarmed Combat | 1 2 |  2.2
Evocations     | 1 2 |  2.2
Conjurations   | 1 |  1.8
Hexes          | 1 |  1.8
Summonings     | 1 |  1.8
Necromancy     | 1 |  1.8
Translocations | 1 |  1.8
Fire Magic     | 1 |  1.8
Ice Magic      | 1 |  1.8
Air Magic      | 1 |  1.8
Earth Magic    | 1 |  1.8
Dodging        | 5 |  5.1
Stealth        | |  4.7
Poison Magic   | |  5.7

Action                   |  1- 3 |  4- 6 |  7- 9 || total
-------------------------+-------+-------+-------++-------
Melee: Short sword       |     7 |       |       ||     7
       Dagger            |    14 |   112 |    10 ||   136
       Bite              |     6 |     8 |     2 ||    16
 Cast: Sting             |    43 |    28 |       ||    71
       Poisonous Vapours |       |     3 |     4 ||     7
       Ignite Poison     |       |     1 |     3 ||     4
  Use: Scroll            |       |     5 |       ||     5
 Stab: Sleeping          |     1 |     8 |       ||     9
Armor: Robe              |     6 |    15 |       ||    21
Dodge: Dodged            |    27 |   120 |     3 ||   150

Table legend: (Time is in decaauts)
 A = Elapsed time spent in this place.
 B = Non-inter-level travel time spent in this place.
 C = Inter-level travel time spent in this place.
 D = Time resting spent in this place.
 E = Time spent auto-exploring this place.
 F = Levels seen in this place.
 G = Mean time per level.
                   A        B        C        D        E       F      G
               +--------+--------+--------+--------+--------+-----+--------+
         Total |   4081 |   4001 |     80 |   1427 |   1931 |   4 | 1020.2 |
       Dungeon |   4081 |   4001 |     80 |   1427 |   1931 |   4 | 1020.2 |
               +--------+--------+--------+--------+--------+-----+--------+

Top non-repeatable levels by time:
     D:3: 1838 daAuts
     D:2: 1149 daAuts
     D:1: 771 daAuts
     D:4: 321 daAuts
